 Dungeon Crawl Stone Soup version 0.17.1-3-g152610e (webtiles) character file.

120967 MrTails the Severer (level 16, -5/147 HPs)
             Began as a Demonspawn Berserker on Feb 22, 2016.
             Was the Champion of Trog.
             Hit by a poisoned javelin thrown by a merfolk javelineer (11 damage)
             ... on level 2 of the Shoals.
             The game lasted 02:01:23 (25501 turns).

MrTails the Severer (Demonspawn Berserker)         Turns: 25501, Time: 02:01:23

Health: -5/147     AC: 31    Str: 26      XL:     16   Next: 31%
Magic:  17/17      EV:  8    Int: 10      God:    Trog [******]
Gold:   3168       SH:  0    Dex: 11 (13) Spells: 0 memorised, 15 levels left

rFire  + . .     SeeInvis +     (no weapon)
rCold  + . .     Clarity  .     Q - +3 plate armour {rF+}
rNeg   . . .     SustAt   .     (no shield)
rPois  +         Gourm    .     Z - +1 hat
rElec  .         Spirit   .     j - +0 cloak
rCorr  .         Warding  .     (no gloves)
rMut   .         Stasis   .     a - +0 pair of boots
MR     ++...                    N - amulet of faith
Stlth  ..........               k - ring of Umoritz {rC+ MR+ Str+3}
                                F - ring of poison resistance

@: lethally poisoned (-5 -> -21), about to teleport, mesmerised, very resistant
to hostile enchantments, extremely unstealthy
A: claws 1, horns 1, talons 1, iridescent scales 3, see invisible, deterioration
1, high mp 1, mutation resistance 1, powered by death 2, robust 1, spiny 2
a: Berserk, Trog's Hand, Brothers in Arms, Burn Spellbooks, Renounce Religion


You were on level 2 of the Shoals.
You worshipped Trog.
Trog was exalted by your worship.
You were hungry.

You visited 5 branches of the dungeon, and saw 30 of its levels.
You also visited: Sewer, Ossuary, Bailey, Ice Cave and Volcano.

You collected 4165 gold pieces.
You spent 997 gold pieces at shops.

Inventory:

Hand Weapons
 m - a +3 antimagic broad axe
 z - a +9 executioner's axe of protection
Armour
 a - a +0 pair of boots (worn)
 j - a +0 cloak (worn)
 p - a +0 shield of protection
 y - the +1 helmet of the Kettle-Drum {Slay+2}
   (You found it on level 14 of the Dungeon)

   It affects your accuracy and damage with ranged weapons and melee attacks
   (+2).
 Q - a +3 plate armour of fire resistance (worn)
 Z - a +1 hat (worn)
Jewellery
 f - an uncursed amulet of resist corrosion
 k - the ring of Umoritz (right claw) {rC+ MR+ Str+3}
   (You bought it in a shop on level 4 of the Orcish Mines)

   [ring of protection from magic]

   It affects your strength (+3).
   It protects you from cold.
   It affects your resistance to hostile enchantments.
 F - a ring of poison resistance (left claw)
 N - an amulet of faith (around neck)
 R - a +2 ring of protection
Wands
 o - a wand of cold (9)
 C - a wand of digging (11)
 I - a wand of disintegration (14)
 T - a wand of digging (8)
Scrolls
 b - a scroll of fog
 e - 17 scrolls of identify
 h - a scroll of torment {unknown}
 l - 7 scrolls of enchant armour
 u - a scroll of enchant weapon
 v - a scroll of silence {unknown}
 x - 11 scrolls of remove curse
 A - 5 scrolls of fear
 D - 2 scrolls of magic mapping
 H - 5 scrolls of recharging
 W - 5 scrolls of teleportation
Potions
 d - 16 potions of curing
 g - 8 potions of agility
 i - 5 potions of heal wounds
 n - a potion of cancellation
 q - 5 potions of haste
 r - 2 potions of flight
 s - 3 potions of magic
 E - 2 potions of berserk rage
 K - 2 potions of might
 U - 2 potions of brilliance
 X - 2 potions of resistance
Books
 L - a book of the Tempests

   Spells                             Type                      Level
   a - Static Discharge               Conjuration/Air              3
   b - Lightning Bolt                 Conjuration/Air              5
   c - Fireball                       Conjuration/Fire             5
   d - Tornado                        Air                          9
   e - Shatter                        Earth                        9
   Trog disapproves of the use of such an item.
Comestibles
 c - 15 bread rations
 t - 11 fruits
 w - 4 beef jerkies
 B - 5 meat rations
 G - 4 chunks of flesh
 M - 10 royal jellies


   Skills:
 + Level 14.8 Fighting
 * Level 18.5 Axes
 + Level 13.4 Armour
 - Level 2.0 Dodging


You had 15 spell levels left.
You didn't know any spells.

Dungeon Overview and Level Annotations

Branches:
Dungeon (15/15)            Temple (0/1) D:7            Lair (8/8) D:8
 Shoals (2/4) Lair:4       Spider (1/4) Lair:3        Slime (0/6) Lair:7
    Orc (4/4) D:12            Elf (0/3) Orc:4        Vaults (0/5) D:14
 Depths (0/5) D:15

Altars:
Fedhas
Kikubaaqudgha
Nemelex Xobeh
Sif Muna
Vehumet
Xom
The Shining One
Beogh

Shops:
D:6 [   D:7 *   D:11 }   D:13 }   Orc:3 [   Orc:4 =*[(

Portals:
Trove: D:12 (give +5 ice dragon armour)


Innate Abilities, Weirdness & Mutations

You have a pair of small horns on your head.
You are completely covered in iridescent scales (AC +8).
You regenerate health from kills.
You are mostly covered in sharp spines.
You have sharp fingernails.
You have sharp toenails.
You have supernaturally acute eyesight.
Your body sometimes deteriorates upon taking damage.
You have an increased reservoir of magic (+10% MP).
You are somewhat resistant to further mutation.
You are robust (+10% HP).


Message History

You are poisoned.
The siren chants its luring song.
As you read the scroll of teleportation, it crumbles to dust.
You feel strangely unstable.
You feel sick.
The merfolk avatar chants its luring song.
The siren hits you but does no damage.
The merfolk javelineer throws a poisoned javelin.
The poisoned javelin hits you!
* * * LOW HITPOINT WARNING * * *
You are lethally poisoned!
The siren barely misses you.
You scratch the siren.
You headbutt the siren, but do no damage.
The siren is almost dead.
* * * LOW HITPOINT WARNING * * *
You feel sick.
The siren chants its luring song.
The merfolk javelineer throws a poisoned javelin.
The poisoned javelin hits you!
You die...

#%...(.....≈≈.[≈.....##.≈≈≈≈
##.........≈≈..≈.......≈≈≈≈≈
#.....##.....>.....≈≈≈≈≈≈≈≈
##....÷#....m.##.....≈≈≈≈≈≈≈
......÷.....###......)≈≈≈≈≈≈
≈..###.......# #..≈≈...≈≈≈≈≈≈ ≈..
#....##m###.≈.....≈≈≈≈≈≈ ≈.
##.....m.....m....≈≈≈≈≈. ≈...
##...)@≈.........≈≈≈..≈ ≈≈≈.#
#.≈≈.≈............≈...
≈≈≈≈.###≈≈≈≈≈.........###...≈
≈≈≈≈....(≈.)..##≈..≈<.###...≈
≈≈≈≈≈≈≈.≈÷....#..≈≈≈...≈≈≈≈≈≈
≈≈≈≈≈≈≈≈≈≈)≈≈≈≈≈≈≈≈≈≈≈≈≈..≈≈≈≈≈≈≈
≈≈≈≈≈≈≈≈≈≈≈≈≈≈≈≈≈≈..≈≈≈≈...≈≈≈≈≈≈
≈≈≈≈≈≈≈≈≈≈≈≈≈≈≈≈≈≈.≈≈≈≈≈..≈≈≈≈≈≈≈
≈≈≈≈≈≈≈≈≈≈≈≈≈≈≈≈≈≈≈≈≈≈≈≈≈≈≈≈≈≈≈≈.


You could see a merfolk avatar, a merfolk javelineer and 2 sirens.

Vanquished Creatures
  Saint Roka (Orc:4)
  Rupert (Lair:6)
  An orc warlord (Orc:3)
  An emperor scorpion (Spider:1)
  A frost giant (IceCv)
  Nessos (Orc:4)
  Azrael (D:13)
  A yaktaur captain (D:15)
  The ghost of Chiseanne the Spry, a journeyman SpAs of Gozag (Orc:4)
  A fire dragon (Lair:8)
  A merfolk impaler (Shoals:2)
  6 hydras
  2 centaur warriors (D:15)
  Erica (D:8)
  Erolcha (D:13)
  An alligator snapping turtle (Shoals:2)
  2 dancing weapons (D:14)
  The ghost of MrTails the Cleaver, a novice DsBe of Trog (Bailey)
  6 death yaks (Lair:8)
  4 orc high priests
  Sonja (Orc:3)
  Nergalle (Lair:4)
  2 unseen horrors
  A giant orange brain (shapeshifter) (D:13)
  3 hill giants
  5 sea snakes
  Pikel (D:8)
  4 orc sorcerers (Orc:4)
  2 orc knights
  2 lindwurms
  A wolf spider (Spider:1)
  A cyclops (D:15)
  8 harpies
  7 griffons
  3 sirens
  2 oklob plants
  A water nymph (Shoals:1)
  4 manticores
  10 fauns
  8 black mambas
  4 elephants
  Maurice (Orc:3)
  5 torpor snails (Lair:8)
  A kobold demonologist (D:11)
  10 komodo dragons
  4 spiny frogs
  8 merfolk
  A guardian mummy (Volcano)
  A freezing wraith (D:14)
  A jumping spider (Spider:1)
  7 trolls
  A giant leech (Lair:8)
  A wind drake (shapeshifter) (D:15)
  5 fire drakes
  20 polar bears (IceCv)
  A wind drake (Shoals:1)
  3 two-headed ogres
  2 trapdoor spider zombies
  12 blink frogs
  2 snapping turtles (Shoals:2)
  A minotaur skeleton (Volcano)
  15 slime creatures
  A trapdoor spider (D:12)
  A wyvern (Lair:6)
  2 flying skulls (Volcano)
  2 boulder beetles (Lair:8)
  3 tarantellas (Spider:1)
  A water elemental (Shoals:2)
  11 redbacks
  2 deep elf magi
  2 wraiths
  42 yaks
  6 basilisks
  3 vampires (Volcano)
  2 steam dragons (Lair:8)
  2 hungry ghosts
  12 hippogriffs
  4 fire elementals
  19 wolves
  A hill giant skeleton (Volcano)
  7 wargs
  3 mottled dragons
  14 water moccasins
  3 merfolk skeletons (Volcano)
  4 ice beasts
  2 hell hounds (D:13)
  7 spiders
  5 phantoms
  Purgy (Sewer)
  3 sky beasts
  9 porcupines
  41 orc warriors
  A wasp (D:9)
  4 slaves (D:8)
  3 swamp drakes (Lair:8)
  8 centaurs
  18 crocodiles
  A necrophage (D:8)
  An eye of draining (D:10)
  2 manticore skeletons (Volcano)
  22 ogres
  16 giant frogs
  2 wyvern zombies
  7 wights
  6 killer bees
  A wyvern skeleton (D:13)
  The ghost of MrTails the Chopper, a weakling DsBe of Trog (D:3)
  2 giant frog zombies
  2 troll skeletons (Volcano)
  7 crimson imps
  A wasp zombie (D:7)
  3 hounds
  3 giant frog skeletons
  9 jellies
  Crazy Yiuf (D:5)
  12 iguanas
  35 orc wizards
  2 centaur skeletons
  8 hell rats
  32 orc priests
  A quasit (D:10)
  A two-headed ogre skeleton (Volcano)
  12 sheep
  11 worker ants
  A killer bee zombie (D:8)
  An ogre skeleton (Volcano)
  3 hound zombies
  A naga skeleton (Volcano)
  A hound skeleton (D:8)
  11 mummies
  16 gnolls
  A worker ant zombie (D:11)
  81 river rats
  17 adders
  4 shadow imps
  12 white imps (Orc:2)
  12 oozes
  2 worms
  10 giant geckos
  225 orcs
  6 giant cockroaches
  2 gnoll zombies (Ossuary)
  19 goblins
  14 hobgoblins
  5 ball pythons
  7 bats
  13 giant newts
  A hobgoblin zombie (Ossuary)
  20 jackals
  A jackal skeleton (D:7)
  23 kobolds
  2 kobold zombies (Ossuary)
  3 orc zombies (Ossuary)
  A quokka zombie (D:7)
  12 rats
  4 fungi
  7 plants
1196 creatures vanquished.

Vanquished Creatures (collateral kills)
  An orc warlord (Orc:4)
  A hydra (D:11)
  2 orc knights (Orc:4)
  3 orc warriors (Orc:4)
  An orc priest (Orc:4)
  4 orc wizards
  8 orcs
20 creatures vanquished.

Vanquished Creatures (others)
  A jumping spider (Spider:1)
  A slime creature (D:13)
  A giant frog (Lair:7)
  An orc priest (Orc:4)
  An orc wizard (Orc:4)
  A giant cockroach (D:4)
  5 fungi
  3 plants
14 creatures vanquished.

Grand Total: 1230 creatures vanquished

Notes
Turn   | Place    | Note
--------------------------------------------------------------
     0 | D:1      | MrTails the Demonspawn Berserker began the quest for the Orb.
     0 | D:1      | Reached XP level 1. HP: 18/18 MP: 1/1
   195 | D:1      | Gained mutation: You are partially covered in iridescent scales (AC +4). [demonic ancestry]
   195 | D:1      | Reached XP level 2. HP: 16/24 MP: 2/2
   730 | D:1      | Reached ** piety under Trog
   847 | D:1      | Gained mutation: You are partially covered in sharp spines. [demonic ancestry]
   847 | D:1      | Reached XP level 3. HP: 25/29 MP: 3/3
  1200 | D:2      | Reached XP level 4. HP: 30/37 MP: 4/4
  1554 | D:2      | Found a deep blue altar of Sif Muna.
  1651 | D:2      | Reached *** piety under Trog
  1779 | D:3      | Reached skill level 4 in Axes
  1843 | D:3      | Reached XP level 5. HP: 34/42 MP: 5/5
  1896 | D:3      | Found a sparkling altar of Nemelex Xobeh.
  2006 | D:3      | Noticed MrTails's ghost (weakling DsBe)
  2023 | D:3      | Killed MrTails's ghost
  2171 | D:3      | Reached **** piety under Trog
  2452 | D:4      | Noticed a phantom
  2452 | D:4      | Noticed an ogre
  2460 | D:3      | Killed an ogre
  2460 | D:3      | Reached skill level 5 in Axes
  2460 | D:3      | Reached XP level 6. HP: 24/48 MP: 6/6
  2464 | D:3      | Killed a phantom
  2709 | D:4      | Noticed an ogre
  2714 | D:4      | Killed an ogre
  2714 | D:4      | Reached XP level 7. HP: 55/55 MP: 7/7
  2741 | D:4      | Noticed an ogre
  2746 | D:4      | Killed an ogre
  2746 | D:4      | Reached skill level 6 in Axes
  2875 | D:4      | Noticed an ogre
  2881 | D:4      | Reached skill level 5 in Fighting
  2881 | D:4      | Killed an ogre
  2994 | D:4      | Found a glowing drain.
  3006 | Sewer    | Entered a sewer
  3076 | Sewer    | Noticed Purgy
  3087 | Sewer    | Killed Purgy
  3369 | D:4      | Found a radiant altar of Vehumet.
  3717 | D:5      | Entered Level 5 of the Dungeon
  3755 | D:5      | Gained mutation: You are mostly covered in sharp spines. [demonic ancestry]
  3755 | D:5      | Reached XP level 8. HP: 57/63 MP: 8/8
  3987 | D:5      | Reached ***** piety under Trog
  3987 | D:5      | Reached skill level 7 in Axes
  4089 | D:5      | Noticed Crazy Yiuf
  4096 | D:5      | Killed Crazy Yiuf
  4633 | D:5      | Found an ancient bone altar of Kikubaaqudgha.
  4634 | D:5      | Found a blossoming altar of Fedhas.
  4674 | D:5      | Reached skill level 5 in Armour
  4763 | D:5      | Found a glowing golden altar of the Shining One.
  4833 | D:6      | Found a shimmering altar of Xom.
  4861 | D:6      | Reached skill level 8 in Axes
  5069 | D:6      | Gained mutation: You have a pair of small horns on your head. [demonic ancestry]
  5069 | D:6      | Reached XP level 9. HP: 71/71 MP: 9/9
  5097 | D:6      | Found Hoem's Armour Boutique.
  5533 | D:7      | Gained mutation: You occasionally shout uncontrollably at your foes. [mutagenic meat]
  5534 | D:7      | Gained mutation: You have a pair of horns on your head. [mutagenic meat]
  5535 | D:7      | Gained mutation: Potions and wands are less effective at restoring your health. [mutagenic meat]
  5536 | D:7      | Gained mutation: You are clumsy. (Dex -2) [mutagenic meat]
  5889 | D:7      | Found Vunwu's Assorted Antiques.
  5970 | D:7      | Reached skill level 9 in Axes
  6167 | D:7      | Found a staircase to the Ecumenical Temple.
  6283 | D:8      | Noticed Erica
  6292 | D:8      | Killed Erica
  6322 | D:8      | Reached XP level 10. HP: 52/80 MP: 10/10
  6446 | D:8      | Reached skill level 10 in Axes
  6509 | D:8      | Found a staircase to the Lair.
  6509 | D:8      | Noticed an elephant
  6514 | D:8      | Killed an elephant
  6734 | D:8      | Found a sand-covered staircase.
  6740 | Ossuary  | Entered an ossuary
  7320 | D:8      | Noticed Pikel
  7339 | D:8      | Killed Pikel
  7681 | D:9      | Reached ****** piety under Trog
  7779 | D:9      | Found a flagged portal.
  7787 | Bailey   | Entered a bailey
  7823 | Bailey   | Noticed MrTails's ghost (novice DsBe)
  7825 | Bailey   | Reached skill level 11 in Axes
  7834 | Bailey   | Killed MrTails's ghost
  7840 | Bailey   | Received a gift from Trog
  7877 | Bailey   | Noticed an orc knight
  8072 | Bailey   | Killed an orc knight
  8072 | Bailey   | Gained mutation: You are mostly covered in iridescent scales (AC +6). [demonic ancestry]
  8072 | Bailey   | Reached XP level 11. HP: 89/89 MP: 11/11
  8092 | Bailey   | Got a pitted battleaxe {god gift}
  8114 | Bailey   | Identified the +2 battleaxe "Qotya" {freeze, *Rage Str+3 Dex+3} (Trog gifted it to you in a bailey)
  8451 | D:9      | Got a scorched lead ring
  8610 | D:10     | Entered Level 10 of the Dungeon
  9282 | D:11     | Found Ryfacixt's Quality Used Wands.
  9298 | D:11     | Bought a wand of digging (0) for 136 gold pieces
  9316 | D:11     | Received a gift from Trog
  9372 | D:11     | Got a pitted battleaxe {god gift}
  9402 | D:11     | Killed an unseen horror
  9402 | D:11     | Reached skill level 12 in Axes
  9421 | D:11     | Identified the ring of Qikh {rC+ Int+6 Stlth-} (You found it on level 9 of the Dungeon)
  9477 | D:11     | Identified the +3 battleaxe "Winar" {vamp, *Noise rC+ MR+ Int+3} (Trog gifted it to you on level 11 of the Dungeon)
  9487 | D:11     | Noticed a hill giant
  9494 | D:11     | Killed a hill giant
  9511 | D:11     | Noticed a four-headed hydra
  9515 | D:11     | Killed a seven-headed hydra
  9841 | D:11     | Reached skill level 10 in Fighting
  9958 | D:12     | Killed an unseen horror
 10102 | D:12     | Found a staircase to the Orcish Mines.
 10226 | D:12     | Received a gift from Trog
 10382 | D:12     | Found a portal to a secret trove of treasure.
 10533 | D:12     | Noticed a hill giant
 10544 | D:12     | Killed a hill giant
 10903 | Orc:1    | Entered Level 1 of the Orcish Mines
 10932 | Orc:1    | Gained mutation: You regenerate a little health from kills. [demonic ancestry]
 10932 | Orc:1    | Reached XP level 12. HP: 98/98 MP: 12/12
 10940 | Orc:1    | Reached skill level 13 in Axes
 11215 | Orc:2    | Found a roughly hewn altar of Beogh.
 11238 | Orc:2    | Received a gift from Trog
 11240 | Orc:2    | Found a frozen archway.
 11265 | IceCv    | Entered an ice cave
 11504 | IceCv    | Noticed a frost giant
 11518 | IceCv    | Killed a frost giant
 11518 | IceCv    | Reached skill level 14 in Axes
 11523 | IceCv    | Reached skill level 10 in Armour
 11524 | IceCv    | Received a gift from Trog
 11632 | Orc:2    | Found a dark tunnel.
 11675 | Volcano  | Entered a volcano
 11738 | Volcano  | Gained mutation: You regenerate health from kills. [demonic ancestry]
 11738 | Volcano  | Reached XP level 13. HP: 106/106 MP: 13/13
 12547 | Orc:3    | Received a gift from Trog
 12570 | Orc:3    | Noticed an orc warlord
 12577 | Orc:3    | Killed an orc warlord
 12819 | Orc:3    | Noticed Maurice
 12835 | Orc:3    | Killed Maurice
 12870 | Orc:3    | Found Seot's Antique Armour Shoppe.
 12872 | Orc:3    | Noticed Sonja
 12899 | Orc:3    | Killed Sonja
 13010 | Orc:3    | Received a gift from Trog
 13217 | Orc:4    | Entered Level 4 of the Orcish Mines
 13226 | Orc:4    | Noticed Nessos
 13233 | Orc:4    | Killed Nessos
 13252 | Orc:4    | Noticed Saint Roka
 13279 | Orc:4    | Killed Saint Roka
 13279 | Orc:4    | Reached skill level 15 in Axes
 13358 | Orc:4    | Found a staircase to the Elven Halls.
 13372 | Orc:4    | Noticed Chiseanne's ghost (journeyman SpAs)
 13379 | Orc:4    | Received a gift from Trog
 13425 | Orc:4    | Killed Chiseanne's ghost
 13503 | Orc:4    | Noticed an orc warlord
 13588 | Orc:3    | Lost mutation: You have a pair of horns on your head. [potion of mutation]
 13588 | Orc:3    | Gained mutation: You are weak. (Str -2) [potion of mutation]
 13805 | Orc:4    | Killed an orc warlord
 13821 | Orc:4    | Received a gift from Trog
 14033 | Orc:4    | Gained mutation: You are completely covered in iridescent scales (AC +8). [demonic ancestry]
 14033 | Orc:4    | Reached XP level 14. HP: 116/116 MP: 14/14
 14033 | Orc:4    | Received a gift from Trog
 14237 | Orc:4    | Found Veraffan's General Store.
 14238 | Orc:4    | Found Guriamatal's Jewellery Shop.
 14239 | Orc:4    | Found Baun's Antique Armour Shop.
 14239 | Orc:4    | Found Kyosoel's Antique Weapon Boutique.
 14254 | Orc:4    | Bought the ring of Umoritz {rC+ MR+ Str+3} for 634 gold pieces
 14255 | Orc:4    | Bought a scroll of enchant armour for 97 gold pieces
 14255 | Orc:4    | Bought a potion of heal wounds for 65 gold pieces
 14255 | Orc:4    | Bought a scroll of identify for 26 gold pieces
 14255 | Orc:4    | Bought a potion of flight for 39 gold pieces
 14757 | D:13     | Found Vomy's Gadget Boutique.
 14775 | D:13     | Noticed Azrael
 14791 | D:13     | Killed Azrael
 14817 | D:13     | Noticed Erolcha
 14824 | D:13     | Killed Erolcha
 15073 | D:13     | Received a gift from Trog
 15584 | D:14     | Reached skill level 16 in Axes
 15601 | D:14     | Found a gate to the Vaults.
 15880 | D:14     | Got a translucent helmet
 16197 | D:15     | Entered Level 15 of the Dungeon
 16385 | D:15     | Gained mutation: You have sharp toenails. [mutagenic meat]
 16386 | D:15     | Lost mutation: Potions and wands are less effective at restoring your health. [mutagenic meat]
 16387 | D:15     | Lost mutation: You are weak. (Str -2) [mutagenic meat]
 16542 | D:15     | Found a staircase to the Depths.
 17192 | Lair:1   | Entered Level 1 of the Lair of Beasts
 17495 | Lair:1   | Received a gift from Trog
 17546 | Lair:1   | Identified the +1 helmet of the Kettle-Drum {Slay+2} (You found it on level 14 of the Dungeon)
 18120 | Lair:2   | Found a shimmering altar of Xom.
 19240 | Lair:3   | Gained mutation: You have sharp fingernails. [potion of mutation]
 19240 | Lair:3   | Gained mutation: Your body sometimes deteriorates upon taking damage. [potion of mutation]
 19241 | Lair:3   | Gained mutation: You are robust (+10% HP). [potion of mutation]
 19241 | Lair:3   | Gained mutation: You have an increased reservoir of magic (+10% MP). [potion of mutation]
 19242 | Lair:3   | Gained mutation: You have supernaturally acute eyesight. [potion of mutation]
 19242 | Lair:3   | Lost mutation: You occasionally shout uncontrollably at your foes. [potion of mutation]
 19242 | Lair:3   | Gained mutation: You are somewhat resistant to further mutation. [potion of mutation]
 19243 | Lair:3   | Lost mutation: You are clumsy. (Dex -2) [potion of mutation]
 19420 | Lair:3   | Found a hole to the Spider Nest.
 19531 | Lair:4   | Received a gift from Trog
 19698 | Lair:4   | Found a staircase to the Shoals.
 19732 | Lair:4   | Noticed Nergalle
 19739 | Lair:4   | Killed Nergalle
 20112 | Lair:5   | Reached XP level 15. HP: 136/136 MP: 16/16
 20170 | Lair:5   | Reached skill level 17 in Axes
 20443 | Lair:5   | Received a gift from Trog
 20947 | Lair:6   | Received a gift from Trog
 21117 | Lair:6   | Noticed Rupert
 21133 | Lair:6   | Killed Rupert
 21712 | Lair:7   | Found a staircase to the Slime Pits.
 21869 | Lair:7   | Found a radiant altar of Vehumet.
 22015 | Lair:7   | Received a gift from Trog
 22356 | Lair:8   | Entered Level 8 of the Lair of Beasts
 22663 | Lair:8   | Received a gift from Trog
 23174 | Lair:8   | Received a gift from Trog
 23640 | Spider:1 | Entered Level 1 of the Spider Nest
 23665 | Spider:1 | Reached skill level 18 in Axes
 23696 | Spider:1 | HP: 4/139 [disintegration (22)]
 24169 | Shoals:1 | Entered Level 1 of the Shoals
 24273 | Shoals:1 | Received a gift from Trog
 24340 | Shoals:1 | Reached XP level 16. HP: 137/147 MP: 17/17
 24577 | Shoals:1 | Got a citrine-encrusted leather armour
 24592 | Shoals:1 | Identified the cursed +1 leather armour of Fudorurrecw {rPois rN++} (You found it on level 1 of the Shoals)
 25126 | Shoals:2 | Received a gift from Trog
 25501 | Shoals:2 | HP: 6/147 [poisoned by a merfolk javelineer]
 25501 | Shoals:2 | Hit by a poisoned javelin thrown by a merfolk javelineer

Action                   |  1- 3 |  4- 6 |  7- 9 | 10-12 | 13-15 | 16-18 || total
-------------------------+-------+-------+-------+-------+-------+-------++-------
Melee: Hand axe          |    94 |   122 |       |       |       |       ||   216
       Battleaxe         |       |       |   187 |   497 |   781 |       ||  1465
       Executioner's axe |       |       |       |       |   433 |    86 ||   519
       Unarmed           |       |       |       |       |       |   145 ||   145
Throw: Tomahawk          |       |       |       |    22 |       |       ||    22
Invok: Berserk           |     3 |     2 |     3 |     9 |    14 |     1 ||    32
       Trog's Hand       |       |     2 |       |     1 |     4 |     2 ||     9
       Burn Spellbooks   |       |       |       |     3 |     3 |     2 ||     8
       Brothers in Arms  |       |       |       |     1 |     2 |       ||     3
  Use: Scroll            |     8 |       |     5 |     7 |    23 |     3 ||    46
       Potion            |       |       |       |       |    20 |     2 ||    22
 Stab: Distracted        |       |       |       |       |     1 |       ||     1
  Eat: Chunk             |     4 |     6 |     9 |    18 |    40 |     6 ||    83
       Meat ration       |       |       |     3 |     1 |     2 |       ||     6
       Beef jerky        |       |       |       |     4 |     1 |       ||     5
       Pizza             |       |       |       |     1 |     1 |       ||     2
       Royal jelly       |       |       |       |       |     2 |       ||     2
       Fruit             |       |       |       |       |     6 |       ||     6
